[Event "*** Titled Tuesday Blitz"]
[Site "Chess.com"]
[Date "2020.10.27"]
[Round "11"]
[White "anon481216"]
[Black "nitpicker"]
[Result "1-0"]
[WhiteElo "2407"]
[BlackElo "2253"]
[TimeControl "180+1"]
[EndTime "12:05:55 PDT"]
[Termination "anon481216 won on time"]

1. d4 Nf6 2. c4 e6 3. Nf3 b6 4. g3 Ba6 5. Qc2 c6 6. Bg2 Bb4+ 7. Bd2 Be7 8. e4 d5 9. e5 Ne4 10. b3 O-O 11. O-O f6 12. exf6 Bxf6 13. Re1 Nd7 14. Bf4 Rc8 15. Nbd2 Nxd2 16. Qxd2 dxc4 17.
Rxe6 c5 18. Rc1 cxd4 19. Nxd4 Nc5 20. Rd6 Qe8 21. bxc4 Ne4 22. Bxe4 Qxe4 23. Re1 Qg6 24. Nc6 Qf7 25. Ne5 Bxe5 26. Bxe5 Rce8 27. Rd7 Re7 28.
Rxe7 Qxe7 29. Bd6 Qd7 30. Re7 Qc6 31. Qg5 g6 32. Qe5 1-0

[Event "*** Titled Tuesday Blitz"]
[Site "Chess.com"]
[Date "2020.10.27"]
[Round "11"]
[White "m_ezat"]
[Black "Aygehovit1992"]
[Result "0-1"]
[WhiteElo "2513"]
[BlackElo "2645"]
[TimeControl "180+1"]
[EndTime "12:05:57 PDT"]
[Termination "Aygehovit1992 won on time"]

1. d4 d6 2. c4 Nf6 3. Nc3 g6 4.
e4 Bg7 5. Be2 O-O 6. Bg5 h6 7.
Be3 e5 8. d5 Ne8 9. Qd2 Kh7 10.
g4 f5 11. gxf5 gxf5 12. exf5 Bxf5 13. h4 Nd7 14. Nh3 c6 15. Bd3 cxd5 16. cxd5 e4 17. Bxe4 Bxe4 18. Nxe4 Ne5 19. O-O-O Rc8+ 20. Kb1 Qd7 21.
Bd4 Qf5 22. Qe2 Nf6 23. Ng5+ Kg8 24. Ka1 hxg5 25. Nxd6 Rc2 26. Qxe5 Qxe5 27. Bxe5 Ng4 28. Bxg7 Kxg7 29. Ne4 Nxf2 30. Nxf2 Rfxf2 31. Rb1 g4 32. Rhg1 Rf4 33. Rbd1 Kf8 34. d6 Ke8 35. d7+ Kd8 36.
h5 Rh2 37. Rge1 Rf8 38. Re5 Rd2 39. Rg1 g3 40. a3 g2 41. Ree1 Kxd7 42. h6 Rdf2 43.
h7 Rh8 44. Rd1+ Ke7 45. Rge1+ Kf7 46. Rd7+ Kf6 47. Rd6+ Kg5 48. Rd7 Rf1 49. Rg7+ Kh6 50. Re7 g1=Q 51. Ka2 Rxe1 52. Re6+ Rxe6 0-1

[Event "*** Titled Tuesday Blitz"]
[Site "Chess.com"]
[Date "2020.10.27"]
[Round "11"]
[White "Kobalia"]
[Black "Natalya_Buksa"]
[Result "1-0"]
[WhiteElo "2732"]
[BlackElo "2547"]
[TimeControl "180+1"]
[EndTime "12:05:58 PDT"]
[Termination "Kobalia won on time"]

1. e4 c5 2. Nf3 Nc6 3. Bb5 g6 4. Bxc6 dxc6 5. d3 Bg7 6. a4 Nf6 7. O-O Nd7 8. a5 e5 9. Nbd2 O-O 10. Nc4 Qe7 11. Qe1 Rb8 12. Be3 Re8 13. Qc3 Nf8 14.
Rfb1 b6 15. axb6 axb6 16. b4 Bg4 17. Nfd2 cxb4 18. Rxb4 Nd7 19. Ra7 Ra8 20. Rxa8 Rxa8 21. Nxb6 Bf8 22. Nxa8 Qxb4 23. Qxb4 Bxb4 24. f3 Be6 25. Nc7 Ba2 26. Kf2 Bxd2 27. Bxd2 Bb1 28. Ke3 Bxc2 29. Bb4 f6 30. Ne6 Ba4 31. Nd8 Bb5 32.
Be7 h5 33. h4 Ba4 34. g4 Bb5 35.
g5 fxg5 36. Bxg5 Ba4 37. f4 exf4+ 38. Kxf4 Kf8 39. Nb7 Bc2 40. d4 Bb3 41. Nd8 Ba4 42. e5 Ke8 43. e6 1-0

[Event "*** Titled Tuesday Blitz"]
[Site "Chess.com"]
[Date "2020.10.27"]
[Round "11"]
[White "Fh2411"]
[Black "swimmerchess"]
[Result "0-1"]
[WhiteElo "2524"]
[BlackElo "2784"]
[TimeControl "180+1"]
[EndTime "12:05:59 PDT"]
[Termination "swimmerchess won on time"]

1. d4 Nf6 2. Nf3 g6 3. g3 Bg7 4. Bg2 O-O 5. O-O d6 6. b3 e5 7.
dxe5 Nfd7 8. Bb2 Nc6 9. Nbd2 dxe5 10. Qc1 Re8 11. e3 e4 12. Nd4 Nxd4 13. Bxd4 Bxd4 14.
exd4 f5 15. c4 Nf6 16. Qc3 c6 17. Rfe1 Qd6 18. f3 exf3 19. Rxe8+ Nxe8 20. Nxf3 Be6 21. Re1 Rd8 22. Ng5 Bc8 23. d5 Nf6 24. dxc6 bxc6 25. Nh3 Ne4 26. Bxe4 fxe4 27. Nf4 Bf5 28. Qe3 Qd2 29.
Qxd2 Rxd2 30. Re2 Rd4 31. Kf2 Kf7 32. h4 Kf6 33. Ke3 Ke5 34. Rd2 c5 35. Rf2 Bg4 36. Rc2 Rd1 37. Nd5 Rd3+ 38. Kf2 Kd4 39. Nf4 e3+ 40.
Kg2 Rd2+ 0-1

[Event "*** Titled Tuesday Blitz"]
[Site "Chess.com"]
[Date "2020.10.27"]
[Round "11"]
[White "olksuna"]
[Black "vanyakuba"]
[Result "1-0"]
[WhiteElo "2616"]
[BlackElo "2509"]
[TimeControl "180+1"]
[EndTime "12:06:00 PDT"]
[Termination "olksuna won on time"]

1. e4 d5 2. exd5 Qxd5 3. Nc3 Qa5 4. d4 Nf6 5. Bc4 Bg4 6. f3 Be6 7. Bxe6 fxe6 8. Ne2 Nc6 9. O-O O-O-O 10. Qe1 e5 11. dxe5 Nxe5 12. Nf4 e6 13. Kh1 Bb4 14. Nxe6 Rd6 15.
Nxg7 Rg8 16. Nf5 Rdd8 17. a3 Bxc3 18. Qxc3 Qxc3 19. bxc3 Kb8 20. Bf4 Ng6 21. Bg3 Rd5 22. Nd4 h5 23. Ne6 Rc8 24. Rad1 Rf5 25. h3 b6 26.
Rfe1 h4 27. Bh2 Nh5 28. Rd7 Ng3+ 29. Bxg3 hxg3 30. Rg7 Ne5 31. Rxg3 Nc4 32. Nd4 Rc5 33. a4 Kb7 34. Rg7 a6 35. h4 Rh8 36. g3 Nd6 37.
Re3 Nc4 38. Ree7 Kb8 39. Rh7 Rg8 40. Rhg7 Rh8 41. Kg2 1-0

[Event "*** Titled Tuesday Blitz"]
[Site "Chess.com"]
[Date "2020.10.27"]
[Round "11"]
[White "chenxiaoyuer"]
[Black "PowerThinking2650"]
[Result "0-1"]
[WhiteElo "2503"]
[BlackElo "2400"]
[TimeControl "180+1"]
[EndTime "12:06:00 PDT"]
[Termination "PowerThinking2650 won by checkmate"]

1. e4 e5 2. Nf3 Nc6 3. Bb5 a6 4. Ba4 Nf6 5. d3 b5 6. Bb3 Be7 7. O-O d6 8. c3 O-O 9. Nbd2 Na5 10. Bc2 c5 11. Re1 Re8 12. Nf1 Bf8 13. Bg5 h6 14. Bxf6 Qxf6 15. Ne3 Bb7 16. a4 g6 17. Nd2 h5 18. axb5 axb5 19. b4 cxb4 20. cxb4 Nc6 21. Nd5 Qd8 22. Rxa8 Bxa8 23. Nb3 Bg7 24. Qd2 Ne7 25.
Nc3 Qb8 26. Ra1 d5 27. Nc5 dxe4 28. dxe4 Rd8 29. Qe2 Bc6 30. Bd3 Rd4 31. Bxb5 Bxb5 32. Nxb5 Rxb4 33. Nc3 Nc6 34. Na6 Qa7 35. Qf1 Rb2 36.
Nd5 Nd4 37. Nac7 Qc5 38. Kh1 Kh7 39. f3 h4 40. Rc1 Qd6 41. Ne8 Qe6 42. Nec7 Qd7 43.
Qc4 h3 44. Ne3 hxg2+ 45. Nxg2 Qh3 46. Qf1 Nxf3 47. Qxf3 Qxf3 48. Rd1 Qxg2# 0-1

[Event "*** Titled Tuesday Blitz"]
[Site "Chess.com"]
[Date "2020.10.27"]
[Round "11"]
[White "Dream2World_Number1"]
[Black "Caterpiller35"]
[Result "1-0"]
[WhiteElo "2198"]
[BlackElo "2449"]
[TimeControl "180+1"]
[EndTime "12:06:00 PDT"]
[Termination "Dream2World_Number1 won on time"]

1. e4 d5 2. e5 c5 3. Nf3 Bg4 4. Bb5+ Nc6 5. c3 e6 6. O-O Ne7 7. d4 Qb6 8. a4 a6 9. Bxc6+ Nxc6 10. a5 Nxa5 11. dxc5 Qc7 12. b4 Nc4 13. Bf4 g5 14.
Bg3 Be7 15. h3 Bh5 16. Qd3 Bg6 17. Qe2 h5 18. Nbd2 Nxd2 19. Qxd2 h4 20. Bh2 g4 21. hxg4 h3 22. Nd4 hxg2 23. Kxg2 O-O-O 24. Bg3 Rhg8 25. f3 Rg7 26. Qe2 Rdg8 27. Rh1 Be4 28. fxe4 Rxg4 29. Rh3 Qxe5 30. Qf3 Bh4 31. Ne2 dxe4 32. Qxf7 Bxg3 33.
Rh7 Bh4+ 34. Kf1 R4g7 35. Rxg7 Rxg7 36. Qf8+ Kc7 37. Nd4 Qf4+ 38. Qxf4+ 1-0

[Event "*** Titled Tuesday Blitz"]
[Site "Chess.com"]
[Date "2020.10.27"]
[Round "11"]
[White "dopolian"]
[Black "kidagent"]
[Result "1-0"]
[WhiteElo "2414"]
[BlackElo "2295"]
[TimeControl "180+1"]
[EndTime "12:06:01 PDT"]
[Termination "dopolian won by checkmate"]

1. Nf3 Nf6 2. c4 c6 3. g3 d5 4. Bg2 g6 5. O-O Bg7 6. d4 O-O 7. cxd5 cxd5 8. Bf4 Nc6 9. Nc3 a6 10. Rc1 Bf5 11. Ne5 Rc8 12. e3 Be6 13. Qb3 b5 14. a4 b4 15. Nxc6 Rxc6 16. Qxb4 Rb6 17. Qa3 Nh5 18.
a5 Rb7 19. Be5 f6 20. Bf4 Nxf4 21. exf4 Qd7 22. Na4 Rb5 23. Nc5 Qc8 24. Rfe1 Bh3 25. Bxd5+ Kh8 26. Bg2 Bxg2 27. Kxg2 e5 28. dxe5 fxe5 29.
fxe5 Qb8 30. f4 Rxb2+ 31. Kg1 Rc8 32. Ne4 Bf8 33. Qe3 Rcc2 34. Rxc2 Rxc2 35. Rc1 Qb2 36. Rxc2 Qxc2 37. Nf2 Bc5 38. Qf3 Qa2 39. Kg2 Qxa5 40.
Qa8+ Kg7 41. Qb7+ Kh6 42. Ng4+ Kh5 43. Qxh7+ Kxg4 44. Qh3# 1-0

[Event "*** Titled Tuesday Blitz"]
[Site "Chess.com"]
[Date "2020.10.27"]
[Round "11"]
[White "parintele_chess"]
[Black "Quattroporte300"]
[Result "0-1"]
[WhiteElo "2145"]
[BlackElo "2241"]
[TimeControl "180+1"]
[EndTime "12:06:02 PDT"]
[Termination "Quattroporte300 won by resignation"]

1. d4 Nf6 2. c4 b6 3. Nf3 Bb7 4.
g3 g6 5. Bg2 Bg7 6. O-O O-O 7.
Nbd2 d5 8. b3 c6 9. Bb2 Nbd7 10.
Ne5 Nxe5 11. dxe5 Nd7 12. cxd5 cxd5 13. Nc4 dxc4 14. Bxb7 Rb8 15. Bd5 Nxe5 16. bxc4 e6 17. Bg2 Nxc4 18. Bxg7 Kxg7 19. Qc2 Rc8 20. Rfd1 Qe7 21.
Rac1 Rc5 22. Qc3+ Qf6 23. Qxf6+ Kxf6 24. Rd4 Rfc8 25. Rd7 R8c7 26. Rxc7 Rxc7 27. e4 e5 28. Bf1 b5 29. a4 a6 30. axb5 axb5 31. Rb1 Rc5 32.
Kg2 Ke6 33. Bxc4+ bxc4 34. f4 c3 35. Kf3 exf4 36. gxf4 g5 37. fxg5 Rxg5 38. Rc1 Rc5 39. Ke3 Ke5 40. Kd3 c2 41. h4 h5 42. Ke3 f6 43. Kd3 Kf4 44. Rf1+ Kg4 0-1

[Event "*** Titled Tuesday Blitz"]
[Site "Chess.com"]
[Date "2020.10.27"]
[Round "11"]
[White "Chamal_Gedgafov"]
[Black "TurboSteen"]
[Result "1-0"]
[WhiteElo "2135"]
[BlackElo "2028"]
[TimeControl "180+1"]
[EndTime "12:06:03 PDT"]
[Termination "Chamal_Gedgafov won on time"]

1. d4 Nf6 2. c4 g6 3. Nc3 d5 4.
cxd5 Nxd5 5. e4 Nxc3 6. bxc3 Bg7 7. Be3 c5 8. Nf3 Qa5 9. Qd2 O-O 10. Rc1 cxd4 11.
cxd4 Qxd2+ 12. Nxd2 Nd7 13. Bd3 f5 14. Bc4+ Kh8 15. e5 f4 16. Ne4 fxe3 17. fxe3 Nb6 18.
Bb3 Bd7 19. Ng5 e6 20. Nxe6 Bxe6 21. Bxe6 Bh6 22. Ke2 Rae8 23. Bb3 Nd7 24. Rc7 Nxe5 25. dxe5 Rxe5 26. Rxb7 Rxe3+ 27. Kd1 Rf2 28. Rd7 Rc3 29. Rd8+ Rf8 30. Rxf8+ Bxf8 31. Re1 Bb4 32. Re4 a5 33. h4 Rg3 34. Re2 Rg4 35. h5 gxh5 36. Kc2 h4 37.
Bd5 Rd4 38. Bf3 Kg7 39. Re6 Rd2+ 40. Kb3 h3 41. Re4 h2 42. Rh4 Bd6 43. Be4 Rd1 44.
Rxh7+ Kf6 45. g4 1-0

[Event "*** Titled Tuesday Blitz"]
[Site "Chess.com"]
[Date "2020.10.27"]
[Round "11"]
[White "djano"]
[Black "verdest"]
[Result "0-1"]
[WhiteElo "2472"]
[BlackElo "2633"]
[TimeControl "180+1"]
[EndTime "12:06:05 PDT"]
[Termination "verdest won by resignation"]

1. d4 Nf6 2. Nf3 e6 3. Bf4 b6 4.
e3 c5 5. Nbd2 Be7 6. Nc4 d5 7.
Nce5 O-O 8. c3 Bb7 9. Bd3 Nbd7 10. h4 Ne4 11. Qb1 Nxe5 12. Nxe5 f6 13. Nf3 Qd7 14.
Nd2 e5 15. Bxe4 dxe4 16. dxe5 fxe5 17. Bg3 Rad8 18. Qc2 Qd3 19. Rc1 Rf5 20. Qxd3 exd3 21. e4 Rff8 22. Bxe5 Rfe8 23. f4 Bf6 24. Bxf6 gxf6 25.
Kf2 Bxe4 26. Rce1 Bc6 27. Rxe8+ Rxe8 28. Re1 Rxe1 29. Kxe1 Bxg2 30. Kf2 Bd5 31. c4 Be6 32.
Ke3 Bf5 33. Nf3 Kf7 34. Ne1 Ke6 35. b3 h5 36. Nf3 Bg6 37. Ng1 Kf5 38. Nh3 Kg4 39.
Nf2+ Kxh4 40. f5 Bxf5 41. Kf4 Bg6 42. Nd1 Kh3 43. Nf2+ Kg2 0-1

[Event "*** Titled Tuesday Blitz"]
[Site "Chess.com"]
[Date "2020.10.27"]
[Round "11"]
[White "GMJustin"]
[Black "TregubovP"]
[Result "1-0"]
[WhiteElo "2345"]
[BlackElo "2515"]
[TimeControl "180+1"]
[EndTime "12:06:06 PDT"]
[Termination "GMJustin won by resignation"]

1. e4 e6 2. d4 d5 3. Nd2 c5 4.
Ngf3 Nc6 5. exd5 exd5 6. Bb5 Qe7+ 7. Qe2 Qxe2+ 8. Kxe2 a6 9. Bxc6+ bxc6 10. Re1 f6 11. dxc5 Bxc5 12. Nb3 Bd6 13. Be3 a5 14. Bc5 Kd7 15. a4 Bxc5 16. Nxc5+ Kd6 17. Nd3 Ne7 18.
Nd4 Nf5 19. c3 Bd7 20. Nxf5+ Bxf5 21. b4 Rhe8+ 22. Kd2 Rxe1 23. Nxe1 axb4 24. cxb4 c5 25. bxc5+ Kxc5 26. Nd3+ Kd4 27. Nb4 Kc4 28. Nc6 d4 29. Rc1+ Kd5 30. Ne7+ Ke6 31. Nxf5 Kxf5 32. Ra1 Ke4 33.
a5 Ra6 34. f3+ Kd5 35. Kd3 Kc5 36. Ra2 h5 37. h4 Kd5 38. Ra4 Kc5 39. Rc4+ Kb5 40.
Rxd4 Kxa5 41. Rd5+ Kb4 42. Rxh5 Ra2 43. g4 Rh2 44.
Rh7 g6 45. h5 gxh5 46. Rxh5 Ra2 47. Rf5 Ra6 48. Kd4 Rd6+ 49. Rd5 Re6 50. f4 Re1 51. g5 fxg5 52. fxg5 Re6 53. Rd8 Rg6 54. Rd5 Re6 55. Re5 Rd6+ 56. Ke4 Kc4 57. Kf5 Kd4 58. Re8 Ra6 59. g6 Ra5+ 60. Kf6 Ra6+ 61. Re6 Ra7 62. g7 Ra8 63. Kf7 Kd5 64. Re7 Kd6 65.
Re8 Ra7+ 66. Kf6 1-0

[Event "*** Titled Tuesday Blitz"]
[Site "Chess.com"]
[Date "2020.10.27"]
[Round "11"]
[White "BanjoKazooieN64"]
[Black "Khazieva_Elza"]
[Result "1-0"]
[WhiteElo "2365"]
[BlackElo "2450"]
[TimeControl "180+1"]
[EndTime "12:06:07 PDT"]
[Termination "BanjoKazooieN64 won on time"]

1. e4 c5 2. Nc3 d6 3. Nf3 Nc6 4. d4 cxd4 5. Nxd4 Nf6 6. f4 Bg4 7. Nxc6 bxc6 8. Qd3 Rb8 9. f5 e6 10. h3 Bh5 11. g4 exf5 12. gxh5 fxe4 13. Qe2 d5 14. h6 d4 15. Nxe4 Kd7 16. h4 Bb4+ 17. c3 Re8 18. Bh3+ Kc7 19. Bf4+ Kb6 20. O-O-O Rxe4 21. Qf3 Qe7 22. Bxb8 dxc3 23. hxg7 cxb2+ 24. Kb1 Re2 25. Bf5 Ng8 26. Bd3 Re3 27. Qf2 Bc5 28. Bc2 Re2 29.
Qf5 Qe3 30. Qd3 Qf2 31. Qb3+ Ka5 32. Bc7+ Bb6 33. Bxb6+ axb6 34. Rd8 Re1+ 35. Rxe1 Qxe1+ 36. Bd1 Qe4+ 37. Kxb2 b5 38. Qd3 Qe5+ 39. Qd4 Qh2+ 40. Bc2 Qc7 41. Ra8+ 1-0

[Event "*** Titled Tuesday Blitz"]
[Site "Chess.com"]
[Date "2020.10.27"]
[Round "11"]
[White "CMFernandez"]
[Black "ailime26"]
[Result "0-1"]
[WhiteElo "2061"]
[BlackElo "1886"]
[TimeControl "180+1"]
[EndTime "12:06:07 PDT"]
[Termination "ailime26 won on time"]

1. d4 d5 2. c4 e6 3. Nc3 Nf6 4.
cxd5 exd5 5. Bg5 Be7 6. e3 O-O 7. Bd3 h6 8. Bf4 a6 9. h3 b6 10. Nf3 Nbd7 11. O-O c5 12. Rc1 Bb7 13. Bb1 Rc8 14. a4 Ne4 15. Qd3 Ndf6 16. Ne5 Bd6 17. f3 Nxc3 18. bxc3 Re8 19. g4 g5 20. Bg3 Qc7 21.
Qf5 Kg7 22. h4 gxh4 23. Bxh4 Bxe5 24. dxe5 Qxe5 25. Qxe5 Rxe5 26. Rfe1 Rce8 27. Kf2 Bc6 28. Bg3 R5e6 29. Bc7 Bxa4 30. Bf5 Rc6 31. Bf4 b5 32. Rh1 Rh8 33. Rcg1 b4 34. g5 hxg5 35. Rxg5+ Kf8 36.
Rxh8+ Ke7 37. cxb4 cxb4 38. Rg1 b3 39. Bg5 b2 40.
Rh6 Bc2 0-1

[Event "*** Titled Tuesday Blitz"]
[Site "Chess.com"]
[Date "2020.10.27"]
[Round "11"]
[White "Supernotar"]
[Black "Witik"]
[Result "1-0"]
[WhiteElo "2861"]
[BlackElo "2705"]
[TimeControl "180+1"]
[EndTime "12:06:08 PDT"]
[Termination "Supernotar won on time"]

1. d4 d5 2. c4 e6 3. Nf3 c6 4. e3 Bd6 5. g3 f5 6. Bg2 Nf6 7. O-O O-O 8. b3 Qe7 9. a4 a5 10. Ba3 Na6 11. Bxd6 Qxd6 12. Nbd2 b6 13. Ne5 Bb7 14.
Rc1 c5 15. Ndf3 Ne4 16. Qe2 Rad8 17. Rfd1 Qe7 18. cxd5 exd5 19. Nd3 Nb4 20. Nxb4 axb4 21. Qb2 g5 22. dxc5 bxc5 23. Re1 f4 24. exf4 gxf4 25. Ne5 Qg7 26. Bxe4 dxe4 27. Rxc5 e3 28. Qe2 Rd2 29. Qc4+ Kh8 30. f3 fxg3 31. h4 g2 32. Qe6 Qg3 33.
Nf7+ Rxf7 34. Qe8+ Qg8 35. Qxe3 Rd8 36. Rg5 Qf8 37.
Qe5+ Rf6 38. Rf5 Rd6 39. a5 h6 40. Rxf6 Qxf6 41. Qe8+ Kg7 42. Re7+ 1-0

[Event "*** Titled Tuesday Blitz"]
[Site "Chess.com"]
[Date "2020.10.27"]
[Round "11"]
[White "Korchmar_Vasiliy"]
[Black "GMKrikor"]
[Result "0-1"]
[WhiteElo "2615"]
[BlackElo "2794"]
[TimeControl "180+1"]
[EndTime "12:06:08 PDT"]
[Termination "GMKrikor won on time"]

1. d4 Nf6 2. Nf3 g6 3. Bg5 Bg7 4. Nbd2 O-O 5. e3 d6 6. Bd3 c5 7. O-O Qc7 8. c3 Nbd7 9. e4 h6 10. Bh4 g5 11. Bg3 Nh5 12. d5 a6 13. a4 b6 14. Nc4 Rb8 15. e5 Nxg3 16. exd6 exd6 17. fxg3 b5 18. axb5 axb5 19. Na5 c4 20. Bc2 Ra8 21. Nc6 Rxa1 22. Qxa1 Nf6 23. Qd1 Bb7 24. Nfd4 Nxd5 25. Be4 Ne3 26. Qf3 Nxf1 27. Qf5 Re8 28. Qh7+ Kf8 29. Nf5 f6 30. Nxh6 Bxc6 31. Qg8+ Ke7 32. Qxg7+ Kd8 33. Qxf6+ Kc8 34. Bxc6 Qxc6 35. Qxf1 Qe4 36.
Nf7 Kc7 37. Nxg5 Qe3+ 38. Kh1 Qxg5 0-1

[Event "*** Titled Tuesday Blitz"]
[Site "Chess.com"]
[Date "2020.10.27"]
[Round "11"]
[White "MrChampion_Coach"]
[Black "Volodar_Murzin"]
[Result "0-1"]
[WhiteElo "2425"]
[BlackElo "2606"]
[TimeControl "180+1"]
[EndTime "12:06:09 PDT"]
[Termination "Volodar_Murzin won by resignation"]

1. d4 Nf6 2. c4 g6 3. Nc3 Bg7 4. e4 O-O 5. h3 d6 6. Be3 e5 7. d5 Na6 8. Nf3 Nc5 9. Nd2 a5 10.
g4 Bd7 11. Be2 b6 12. Qc2 Ne8 13. h4 Bf6 14. g5 Be7 15. O-O-O Ng7 16. Rdg1 f6 17.
Rg2 Be8 18. Rhg1 f5 19. f3 f4 20. Bf2 Nh5 21. Nf1 Bd7 22. Nh2 Bh3 23. Ng4 Bxg2 24.
Rxg2 Kh8 25. Rg1 Qd7 26. Bf1 Qe8 27. Bh3 Qf7 28. Nh6 Qg7 29. Nb5 Bd8 30. Bg4 Ng3 31. b3 Qe7 32. Nd4 exd4 33. Bxd4+ Qe5 34. Bxe5+ dxe5 35. Qb2 Nd3+ 36. Kb1 Nxb2 37. Kxb2 Be7 38.
Rxg3 fxg3 39. Be6 g2 40. Nf7+ Rxf7 41. d6 g1=Q 42. d7 Qd4+ 43. Kc2 Rff8 44. d8=Q Rfxd8 45. Bd5 Bb4 46. Kc1 Qd2+ 0-1

[Event "*** Titled Tuesday Blitz"]
[Site "Chess.com"]
[Date "2020.10.27"]
[Round "11"]
[White "AniJak"]
[Black "mapleaff"]
[Result "0-1"]
[WhiteElo "2279"]
[BlackElo "2378"]
[TimeControl "180+1"]
[EndTime "12:06:09 PDT"]
[Termination "mapleaff won by resignation"]

1. e4 d6 2. d4 Nf6 3. Nc3 c6 4. a4 Qa5 5. Bd2 Qc7 6. Nf3 Bg4 7. Be2 Nbd7 8. O-O e5 9. h3 Bxf3 10. Bxf3 exd4 11. Ne2 c5 12. Bf4 Ne5 13. Ng3 g6 14. Be2 Bg7 15. Qd2 O-O 16. Bh6 Rae8 17. Bxg7 Kxg7 18. f4 Nc6 19. Bf3 Qa5 20. Qd1 Qb6 21.
b3 d3 22. Kh1 dxc2 23. Qxc2 Nd4 24. Qf2 Qxb3 25. e5 dxe5 26. fxe5 Rxe5 27. Rab1 Qxa4 28. Bxb7 Nf5 29. Ne2 Rxe2 30. Qxc5 Ng3+ 31. Kh2 Nxf1+ 32.
Rxf1 Qd7 33. Ba6 Qe7 34. Qc3 Qe5+ 35. Qxe5 Rxe5 36. Bd3 Rd8 37. Bc4 Rc5 38. Bb3 Rc3 39. Bd1 Rc1 40. Rxf6 Kxf6 41. Bf3 a5 42. Kg3 a4 43. h4 a3 44. Kf2 a2 45. g4 a1=Q 46. g5+ Kg7 47. h5 Qd4+ 48. Kg3 Rg1+ 49. Bg2 Qe3+ 50. Kh2 Rd4 51. h6+ Kg8 0-1

[Event "*** Titled Tuesday Blitz"]
[Site "Chess.com"]
[Date "2020.10.27"]
[Round "11"]
[White "AntonovaNadezhda"]
[Black "kreonx"]
[Result "0-1"]
[WhiteElo "2110"]
[BlackElo "2311"]
[TimeControl "180+1"]
[EndTime "12:06:09 PDT"]
[Termination "kreonx won by resignation"]

1. d4 Nf6 2. Nf3 e6 3. e3 d5 4. Nbd2 c5 5. b3 cxd4 6. exd4 Bd6 7. Bb2 Nc6 8. Bd3 O-O 9. O-O Qc7 10. a3 e5 11. dxe5 Nxe5 12. Nxe5 Bxe5 13. Bxe5 Qxe5 14. Nf3 Qc3 15. h3 Ne4 16. Re1 Re8 17. Bxe4 dxe4 18. Rxe4 Bf5 19. Rxe8+ Rxe8 20. Rc1 Rc8 21. Qe1 Bxh3 22.
gxh3 Qxf3 23. Qe3 Qf5 24. c4 h6 25. Re1 Rc6 26. Qe8+ Kh7 27. Qe3 Re6 28. Qc1 Rg6+ 29. Kf1 Qxh3+ 30. Ke2 Qxb3 31. Rg1 Rxg1 32. Qxg1 Qxc4+ 33. Kd2 Qa2+ 34. Ke3 Qxa3+ 35. Kd4 Qb4+ 36. Kd5 g6 37.
Qg3 Qb6 38. Qb8 Qxf2 39. Qf8 Qf3+ 40. Kd4 a6 41. Qe7 h5 42. Qf8 h4 43. Qd6 Qd1+ 0-1

[Event "*** Titled Tuesday Blitz"]
[Site "Chess.com"]
[Date "2020.10.27"]
[Round "11"]
[White "Shield12"]
[Black "Sharpchess22"]
[Result "1-0"]
[WhiteElo "2835"]
[BlackElo "2766"]
[TimeControl "180+1"]
[EndTime "12:06:11 PDT"]
[Termination "Shield12 won by resignation"]

1. e4 c6 2. d4 d5 3. exd5 cxd5 4. Bd3 Nc6 5. c3 Qc7 6. h3 g6 7. Nf3 Bg7 8. Qc2 Nf6 9. O-O O-O 10. Re1 a6 11. a4 Be6 12. Nbd2 Rac8 13. Qb1 Nh5 14. Nb3 Rcd8 15. a5 Nf4 16. Bxf4 Qxf4 17. Qc1 Qxc1 18. Raxc1 Bc8 19. Re2 f6 20. Bc2 e5 21.
dxe5 fxe5 22. Rd1 Kh8 23. Red2 Ne7 24. Nc5 Bh6 25. Re2 e4 26. Nd4 Rf6 27. f3 e3 28.
Bd3 Re8 29. Rde1 Nc6 30. Ncb3 Ne5 31. Bb1 Bf4 32. Nc5 Nc4 33. Ba2 Nxa5 34. Bxd5 Re5 35. Ne4 Rf8 36. Ba2 b5 37. Nd6 Re7 38. Nxc8 Rxc8 39.
Nc2 Rce8 40. Nb4 Bg3 41. Rd1 Nc4 42. Bxc4 bxc4 43. Rd4 Bf2+ 44. Kf1 Rb7 45. Nd5 a5 46. Nf6 Reb8 47. Rxc4 Rxb2 48. Rxb2 Rxb2 49. Rc7 Rb1+ 50. Ke2 Re1+ 51. Kd3 Rd1+ 52. Ke4 1-0

[Event "*** Titled Tuesday Blitz"]
[Site "Chess.com"]
[Date "2020.10.27"]
[Round "11"]
[White "PlotnikovPavel"]
[Black "HouseOfDurin"]
[Result "1/2-1/2"]
[WhiteElo "2334"]
[BlackElo "2183"]
[TimeControl "180+1"]
[EndTime "12:06:11 PDT"]
[Termination "Game drawn - insufficient material"]

1. e4 c5 2. Nf3 Nc6 3. d4 cxd4 4.
Nxd4 a6 5. c4 e5 6. Nf3 Nf6 7.
Nc3 Bb4 8. Bg5 Bxc3+ 9. bxc3 Qa5 10. Bd3 Qxc3+ 11. Ke2 Qb2+ 12. Qd2 Qxd2+ 13. Bxd2 d6 14. h3 h6 15. Rhd1 Be6 16. Bc3 O-O-O 17. Rab1 Nd7 18. Kf1 Nc5 19. Be2 Nxe4 20. Ba1 d5 21. cxd5 Rxd5 22.
Rxd5 Bxd5 23. Rd1 Bxa2 24. Nxe5 Rd8 25. Nxc6 Rxd1+ 26. Bxd1 Bc4+ 27. Be2 Bxe2+ 28. Kxe2 bxc6 29. Bxg7 h5 30. Ke3 Nd6 31. Bf8 Kd7 32. Kf4 Ke6 33.
Kg5 Ne4+ 34. Kxh5 Nxf2 35. Kh4 Ne4 36. Kg4 f5+ 37. Kf3 c5 38. g4 c4 39. gxf5+ Kxf5 40. h4 a5 41. Ke3 a4 42. Kd4 c3 43. Kd3 a3 44. Bxa3 Kg4 45. Kxe4 Kxh4 46. Kd3 Kg4 47. Kc2 Kf5 48. Kxc3 1/2-1/2

[Event "*** Titled Tuesday Blitz"]
[Site "Chess.com"]
[Date "2020.10.27"]
[Round "11"]
[White "Vanina1989"]
[Black "Arfan48"]
[Result "0-1"]
[WhiteElo "2599"]
[BlackElo "2457"]
[TimeControl "180+1"]
[EndTime "12:06:12 PDT"]
[Termination "Arfan48 won by checkmate"]

1. d4 Nf6 2. c4 g6 3. Nc3 Bg7 4.
e4 d6 5. Nf3 O-O 6. Be2 Na6 7.
O-O e5 8. Be3 Ng4 9. Bg5 Qe8 10.
h3 f6 11. Bd2 Nh6 12. Qc2 Be6 13. d5 Bd7 14. Qc1 Nf7 15. a3 Nc5 16. Qc2 f5 17. b4 Na4 18. Nxa4 Bxa4 19. Qd3 Bd7 20. c5 f4 21. Rac1 Qe7 22. cxd6 cxd6 23. Rc7 Rab8 24.
Rfc1 Rfc8 25. Qc3 Qd8 26. b5 Bf6 27. Qa5 Rxc7 28. Rxc7 Kg7 29. a4 h5 30. Ne1 Kh6 31. Qc3 Ng5 32. f3 Bxh3 33. gxh3 Nxh3+ 34. Kg2 Bh4 35. Kf1 Qg5 36. Bd3 Qg1+ 37. Ke2 Nf2 38. Bc2 Qh2 39. Kf1 Nxe4 40. Be3 Nxc3 41. Rxc3 fxe3 42. Rxe3 Qf2# 0-1

[Event "*** Titled Tuesday Blitz"]
[Site "Chess.com"]
[Date "2020.10.27"]
[Round "11"]
[White "Lady_Nika"]
[Black "JoachimMouhamad"]
[Result "0-1"]
[WhiteElo "2445"]
[BlackElo "2338"]
[TimeControl "180+1"]
[EndTime "12:06:12 PDT"]
[Termination "JoachimMouhamad won by resignation"]

1. d4 Nf6 2. e3 g6 3. f4 d5 4.
Nf3 Ne4 5. Bd3 Nd7 6. O-O Ndf6 7. Nbd2 Bg4 8. Qe1 Bxf3 9. Nxf3 Bg7 10. Ne5 O-O 11. Rf3 c5 12. c3 Rc8 13. Rh3 cxd4 14.
exd4 e6 15. Be3 a6 16. Qh4 Nh5 17. Qe1 Nhf6 18. Be2 Nd7 19. Nxd7 Qxd7 20. Qh4 h6 21. f5 g5 22. fxe6 Qxe6 23. Qh5 f5 24. Bd3 f4 25.
Bxe4 dxe4 26. Bf2 e3 27. Be1 b5 28. Rd1 Rcd8 29. b3 Rf5 30. Qg4 Qe4 31. Rf3 b4 32. h4 bxc3 33. Bxc3 e2 34. Re1 Bxd4+ 35. Bxd4 Rxd4 36. hxg5 hxg5 37. Qh5 Rd1 38. Qg6+ Kf8 39.
Qh6+ Kf7 40. Qh7+ Kf6 41. Qh8+ Kf7 42. Qh7+ Ke6 43. Qg8+ Rf7 44. Qe8+ Re7 45. Qc8+ Kf7 46. Qc3 Rxe1+ 47. Qxe1 Qd4+ 48. Kh2 Qd1 49. Qc3 e1=Q 50.
Qc4+ Qe6 51. Qc3 Qh6+ 52. Rh3 Qxh3+ 53. Qxh3 Qc2 54. Qh5+ Qg6 55. Qf3 Qh6+ 56. Kg1 Qe6 57. Qh5+ Qg6 58. Qd1 Qf6 59. Qd5+ Kg7 60. Qd1 Qe6 61.
Qd4+ Qe5 62. Qc4 Qe3+ 63. Kh2 Qg3+ 64. Kg1 Re1+ 65. Qf1 Rxf1+ 66. Kxf1 f3 67. gxf3 Qxf3+ 68. Ke1 Kf6 69. b4 Ke5 0-1

[Event "*** Titled Tuesday Blitz"]
[Site "Chess.com"]
[Date "2020.10.27"]
[Round "11"]
[White "Chessdreamer2020"]
[Black "blitzking1729"]
[Result "1-0"]
[WhiteElo "2481"]
[BlackElo "2561"]
[TimeControl "180+1"]
[EndTime "12:06:14 PDT"]
[Termination "Chessdreamer2020 won by resignation"]

1. e4 e6 2. d4 d5 3. Nd2 h6 4. c3 c5 5. exd5 Qxd5 6. Ngf3 Nc6 7. Bc4 Qd8 8. Nb3 cxd4 9. Nbxd4 Nxd4 10. Nxd4 Nf6 11.
O-O Bd7 12. Qe2 Bd6 13. Nf5 Bf8 14. Bf4 Qb6 15. Rfd1 Rc8 16. Bb3 Bb5 17. Qe1 Rc5 18. Be3 Ng4 19. Bxc5 Bxc5 20. Nd4 O-O 21. h3 e5 22.
hxg4 exd4 23. cxd4 Bxd4 24. Rd2 Re8 25. Qd1 Bc5 26. Qf3 Qg6 27. Rad1 Bc6 28. Qf5 Qxf5 29. gxf5 Bb6 30. Bd5 Bxd5 31. Rxd5 Re2 32. R1d2 Re4 33.
Rd7 Re5 34. R7d5 Re4 35. f6 gxf6 36. Rd7 Ba5 37. Rc2 Bb4 38. Rxb7 Bd6 39. g3 a5 40. Kg2 a4 41. Ra7 Be5 42. Ra6 Rb4 43. a3 Re4 44. f4 Bd4 45. Rxa4 f5 46. Rd2 1-0